 Dungeon Crawl Stone Soup version 0.27-a0-34-gc18c9092ac (webtiles) character file.

Game seed: 10802560704706287092

87 kae the Insei (level 4, 0/37 HPs)
             Began as a Demonspawn Monk on Jan 4, 2021.
             Succumbed to a kobold's poison
             ... on level 3 of the Dungeon.
             The game lasted 00:01:43 (2684 turns).

kae the Insei (Demonspawn Monk)                     Turns: 2684, Time: 00:01:43

Health: 0/37       AC:  2    Str: 12    XL:     4   Next: 28%
Magic:  4/4        EV: 13    Int: 11    God:
Gold:   93         SH:  0    Dex: 16    Spells: 3/3 levels left

rFire    . . .     SeeInvis .     - Unarmed
rCold    . . .     Faith    .   (no shield)
rNeg     . . .     Spirit   .   a - +0 robe
rPois    .         Reflect  .   (no helmet)
rElec    .         Harm     .   (no cloak)
rCorr    .         Rampage  .   (no gloves)
Will     .....                  (no boots)
Stlth    ++........             (no amulet)
HPRegen  0.12/turn              (no ring)
MPRegen  0.09/turn              (no ring)

@: lethally poisoned (0 -> -11)
A: powered by death 2
a: no special abilities


You were on level 3 of the Dungeon.
You visited 1 branch of the dungeon, and saw 3 of its levels.

You collected 93 gold pieces.

Inventory:

Armour
 a - a +0 robe (worn)
Scrolls
 b - 2 scrolls of remove curse
 i - a scroll of blinking {unknown}
Potions
 c - 2 potions of attraction {unknown}
 d - a potion of degeneration {unknown}
 e - a potion of ambrosia
 f - a potion of brilliance
 g - 2 potions of curing
 h - a potion of mutation


   Skills:
 + Level 3.7 Fighting
 - Level 2.6 Dodging
 - Level 1.7 Stealth
 * Level 4.1 Unarmed Combat


You had 3 spell levels left.
You didn't know any spells.
Your spell library was empty.

Dungeon Overview and Level Annotations

Branches:
Dungeon (3/15)

Altars:


Innate Abilities, Weirdness & Mutations

You regenerate health from kills.


Message History

* * * LOW HITPOINT WARNING * * *
You hit the kobold but do no damage.
You feel sick. The kobold closely misses you.
You barely miss the kobold.
You feel sick. The kobold closely misses you.
You hit the kobold.
The kobold is severely wounded.
You feel sick. The kobold hits you.
* * * LOW HITPOINT WARNING * * *
You closely miss the kobold.
The kobold is severely wounded.
You feel sick. The kobold closely misses you.
You hit the kobold.
You kill the kobold!
You feel sick.
You feel sick.
You feel sick.
You feel sick.
* * * LOW HITPOINT WARNING * * *
You feel sick.
You die...

#.##(..........
#.##...†....###.
#.##..((........
#.#####(.†#.... #.#
#......#. #.#
#.?.......
##.#####...w.....
#..##...........#
##.##..#@......#.#
####.....##......##
.
##..[.......>.....#
##.............#####
#..........†..##
#.........†<..#
#..........)..#
#.............#
#........).####


You could see a worm.

Vanquished Creatures
  2 adders
  A worm (D:2)
  A dart slug (D:1)
  2 leopard geckos (D:1)
  5 giant cockroaches (D:1)
  5 goblins
  10 hobgoblins
  3 jackals (D:1)
  8 kobolds
  A quokka (D:2)
  9 bats
  6 frilled lizards
  7 rats
60 creatures vanquished.

Notes
Turn   | Place    | Note
-------+----------+-------------------------------------------
     0 | D:1      | kae the Demonspawn Monk began the quest for the Orb.
     0 | D:1      | Reached XP level 1. HP: 18/18 MP: 1/1
   190 | D:1      | Reached skill level 3 in Unarmed Combat
   305 | D:1      | Gained mutation: You regenerate a little health from kills.
                  | [demonic ancestry]
   305 | D:1      | Reached XP level 2. HP: 20/24 MP: 2/2
   794 | D:1      | Reached XP level 3. HP: 20/29 MP: 3/3
  2151 | D:2      | Reached skill level 4 in Unarmed Combat
  2177 | D:2      | Gained mutation: You regenerate health from kills. [demonic
                  | ancestry]
  2177 | D:2      | Reached XP level 4. HP: 27/37 MP: 4/4
  2683 | D:3      | HP: 1/37 [poisoned by a kobold]
  2684 | D:3      | Succumbed to a kobold's poison

Illustrated notes

Levels and vault maps discovered:
D:1:      kilobyte_arrival_exit_the_forest, layout_basic, minmay_misc_feat_room
D:2:      layout_basic
D:3:      layout_rooms, ebering_ghost_disaster_area,
          chequers_ecumenical_altar_lobes

Skill      XL: |  1  2  3 |
---------------+----------+-----
Unarmed Combat | 3 4 |  4.1
Fighting       | |  3.7
Dodging        | |  2.6
Stealth        | |  1.7

Action                   |  1- 3 |  4- 6 || total
-------------------------+-------+-------++-------
Melee: Unarmed           |   195 |    45 ||   240
       Punch             |     3 |     1 ||     4
  Use: Scroll            |     6 |       ||     6
 Stab: Sleeping          |     4 |     2 ||     6
Armor: Robe              |    31 |     3 ||    34
Dodge: Dodged            |   134 |    28 ||   162

Table legend: (Time is in decaauts)
 A = Elapsed time spent in this place.
 B = Non-inter-level travel time spent in this place.
 C = Inter-level travel time spent in this place.
 D = Time resting spent in this place.
 E = Time spent auto-exploring this place.
 F = Levels seen in this place.
 G = Mean time per level.
                   A        B        C        D        E       F      G
               +--------+--------+--------+--------+--------+-----+--------+
         Total |   2679 |   2605 |     74 |    729 |   1405 |   3 |  893.0 |
       Dungeon |   2679 |   2605 |     74 |    729 |   1405 |   3 |  893.0 |
               +--------+--------+--------+--------+--------+-----+--------+

Top non-repeatable levels by time:
     D:1: 1592 daAuts
     D:2: 1007 daAuts
     D:3: 80 daAuts
